 Dungeon Crawl Stone Soup version 0.31-a0-188-g5e087ee2ca (webtiles) character file.

Game seed: 15504148827605921755

67 qw the Shooter (level 3, 0/20 HPs)
             Began as a Deep Elf Hunter on June 23, 2023.
             Slain by a hobgoblin (2 damage)
             ... led by Robin
             ... on level 3 of the Dungeon.
             The game lasted 00:00:41 (1913 turns).

qw the Shooter (Deep Elf Hunter)                    Turns: 1913, Time: 00:00:42

Health: 0/20       AC:  6    Str:  7 (10) XL:     3   Next: 98%
Magic:  5/5        EV: 10    Int: 12 (13) God:
Gold:   81         SH:  0    Dex: 17 (18) Spells: 2/2 levels left

rFire   . . .        Y - +0 shortbow
rCold   . . .        (shield currently unavailable)
rNeg    . . .        i - +0 ring mail
rPois   .            (no helmet)
rElec   .            d - scarf {repulsion}
rCorr   .            (no gloves)
SInv    +            c - +0 pair of boots
Will    .....        (no amulet)
Stlth   +            b - ring of see invisible
HPRegen 0.23/turn    (no ring)
MPRegen 0.09/turn

%: repel missiles
@: no status effects
A: no striking features
a: no special abilities


You were on level 3 of the Dungeon.
You visited 1 branch of the dungeon, and saw 3 of its levels.

You collected 81 gold pieces.


   Skills:
 - Level 1.5 Fighting
 + Level 7.4 Ranged Weapons
 - Level 2.4 Dodging
 - Level 1.2 Stealth


You had 2 spell levels left.
You didn't know any spells.
Your spell library was empty.

Inventory:

Hand Weapons
 Y - a +0 shortbow (weapon)
Armour
 c - a +0 pair of boots (worn)
 d - a scarf of repulsion (worn)
 i - a +0 ring mail (worn)
Jewellery
 b - a ring of see invisible (left hand)
 f - a ring of resist corrosion
Scrolls
 e - 3 scrolls of immolation {unknown}
 h - 4 scrolls of identify
Potions
 a - a potion of curing
 j - a potion of enlightenment

Dungeon Overview and Level Annotations

Branches:
Dungeon (3/15)

Altars:

Annotations:
D:3 Robin


Message History

The arrow hits the hobgoblin.
The hobgoblin is moderately wounded.
You hear a shout!
The hobgoblin hits you but does no damage.
The hobgoblin closely misses you.
A hobgoblin comes into view. It is quivering poisoned darts.
Robin hits you from afar with a +0 spear.
The goblin closely misses you.
A goblin comes into view. It is wielding a +0 club.
The goblin hits you but does no damage. The hobgoblin hits you.
The hobgoblin barely misses you.
A goblin comes into view. It is wielding a +0 dagger.
Robin hits you but does no damage.
You shoot an arrow. The arrow barely misses the hobgoblin.
The hobgoblin shouts!
The goblin shouts! x2
You hear a shout!
You hear an angry hiss.
You hear a shout!
The hobgoblin hits you but does no damage.
An endoplasm comes into view.
The hobgoblin barely misses you. Robin hits you but does no damage.
The goblin barely misses you.
You shoot an arrow. The arrow hits the hobgoblin!
You kill the hobgoblin!
The hobgoblin no longer looks unusually strong.
The goblin no longer looks unusually strong.
The hobgoblin hits you but does no damage.
Robin hits you from afar with a +0 spear.
The goblin closely misses you.
You shoot an arrow. The arrow barely misses the hobgoblin.
Robin hits you but does no damage. The hobgoblin closely misses you.
The goblin barely misses you.
You shoot an arrow. The arrow barely misses the hobgoblin.
The goblin no longer looks unusually strong.
Robin hits you from afar with a +0 spear.
The hobgoblin closely misses you. The goblin hits you but does no damage.
Robin roars a battlecry!
The goblins go into a battle-frenzy!
The hobgoblin barely misses you. The goblin hits you but does no damage.
You shoot an arrow. The arrow barely misses the hobgoblin.
The hobgoblin hits you.
You die...

...........# #.........
...........# #.........
...........# #.........
#####..##### #.........
#......#### #.........
#.####....########.........
#.# ####.......... #.#
##.g.##### #.# #.#@.# #.#
#.##g# #.# #.# g# ... #.#
gg ... #.# ##w #.# Kg #.#
g) ...


You could see a worm, Robin, 2 hobgoblins, 4 goblins and a kobold.

Vanquished Creatures
  An adder (D:1)
  3 worms (D:2)
  2 dart slugs (D:1)
  A ball python (D:1)
  5 endoplasms
  7 hobgoblins
  3 jackals (D:1)
  A quokka (D:1)
  5 bats
  3 frilled lizards (D:1)
  2 goblins
  3 kobolds
  10 rats
46 creatures vanquished.

Notes
Turn   | Place    | Note
-------+----------+-------------------------------------------
     0 | D:1      | qw the Deep Elf Hunter began the quest for the Orb.
     0 | D:1      | Reached XP level 1. HP: 12/12 MP: 3/3
     0 | D:1      | 0 ||| qw: Version: 0.3-a-9-g12657ce
     0 | D:1      | 0 ||| qw: Game counter: 3422
     0 | D:1      | 0 ||| qw: Always use a shield: true
     0 | D:1      | 0 ||| qw: God list: Okawaru
     0 | D:1      | 0 ||| qw: Allow faded altars: false
     0 | D:1      | 0 ||| qw: Do Orc after D:15 true
     0 | D:1      | 0 ||| qw: Do second Lair branch before Depths: true
     0 | D:1      | 0 ||| qw: Lair rune preference: random
     0 | D:1      | 0 ||| qw: Plans: Normal
     0 | D:1      | 0 ||| PLANNING D:1-11
    42 | D:1      | Reached skill level 6 in Ranged Weapons
    42 | D:1      | Reached XP level 2. HP: 16/16 MP: 4/4
   857 | D:1      | 857 ||| UPGRADING to scarf of repulsion.
   862 | D:1      | 862 ||| UPGRADING to +0 ring mail.
   872 | D:1      | 872 ||| DROPPING +0 leather armour.
   873 | D:1      | 873 ||| READING scroll labelled RUM JUACOE.
   874 | D:1      | 874 ||| READING 2 scrolls labelled DOESER WORR.
   875 | D:1      | 875 ||| DRINKING 2 black potions.
   876 | D:1      | 876 ||| DROPPING scroll of butterflies.
   910 | D:2      | 910 ||| STAIRDANCE
   920 | D:1      | Reached XP level 3. HP: 18/20 MP: 5/5
   933 | D:2      | 933 ||| STAIRDANCE
  1086 | D:2      | Reached skill level 7 in Ranged Weapons
  1765 | D:2      | 1765 ||| UPGRADING to +0 pair of boots.
  1770 | D:2      | 1770 ||| UPGRADING to ring of see invisible.
  1771 | D:2      | 1771 ||| READING scroll labelled GOGGIH XOAWI.
  1807 | D:2      | 1807 ||| READING scroll labelled OBBOSOFRIQEGG.
  1812 | D:2      | 1812 ||| DRINKING 2 silvery potions.
  1813 | D:2      | 1813 ||| READING 6 scrolls of identify.
  1813 | D:2      | 1813 ||| IDENTIFYING sedimented orange potion
  1814 | D:2      | 1814 ||| READING 5 scrolls of identify.
  1814 | D:2      | 1814 ||| IDENTIFYING viscous grey potion
  1815 | D:2      | 1815 ||| DROPPING potion of brilliance.
  1816 | D:2      | 1816 ||| DROPPING potion of degeneration.
  1898 | D:3      | Noticed Robin
  1910 | D:3      | HP: 4/20 [Robin/+0 spear (4)]
  1913 | D:3      | Slain by a hobgoblin

Levels and vault maps discovered:
D:1:      scummos_arrival_forest, layout_loops_corners
D:2:      layout_basic, nrook_campfire
D:3:      layout_basic, minmay_increasing_density, uniq_robin, uniq_grinder,
          uniq_jessica, uniq_natasha

Skill      XL: |  1  2  3 |
---------------+----------+-----
Ranged Weapons | 6 7 |  7.4
Fighting       | |  1.5
Dodging        | |  2.4
Stealth        | |  1.2

Action                     || total
---------------------------++-------
   Fire: Shortbow          ||   152
    Use: Scroll            ||     6
         Potion            ||     2
 Armour: Leather armour    ||     5
         Ring mail         ||    30
  Dodge: Dodged            ||    52

Table legend:
 A = Non-vault XP
 B = Vault XP
 C = Vault XP percentage of total XP
 D = Non-vault monster count
 E = Vault monster count
 F = Vault count percentage of total count
                 A         B        C        D         E       F
            +---------+---------+-------+---------+---------+-------
      Total |      92 |       4 |   4.2 |      44 |       2 |   4.3
            +---------+---------+-------+---------+---------+-------
        D:1 |      57 |       0 |   0.0 |      28 |       0 |   0.0
        D:2 |      33 |       0 |   0.0 |      15 |       0 |   0.0
        D:3 |       2 |       4 |  66.7 |       1 |       2 |  66.7
            +---------+---------+-------+---------+---------+-------
